[Event "*** Titled Tuesday Blitz"]
[Site "Chess.com"]
[Date "2020.05.19"]
[Round "8"]
[White "Karacsonyi_Gellert"]
[Black "Gennady_Kozlov"]
[Result "1-0"]
[WhiteElo "2471"]
[BlackElo "2578"]
[TimeControl "180+1"]
[EndTime "13:36:57 PDT"]
[Termination "Karacsonyi_Gellert won by checkmate"]

1. e4 e6 2. d4 d5 3. e5 c5 4. c3 Nc6 5. Nf3 Bd7 6. Be2 Qb6 7. a3 cxd4 8. cxd4 f6 9. O-O Nge7 10.
Nc3 Nf5 11. exf6 gxf6 12. b4 Ncxd4 13. Nxd4 Qxd4 14. Bh5+ Ke7 15. Qf3 Nh4 16. Qg3 Nf5 17. Qf3 Rc8 18. Bb2 Nh4 19. Qg3 Nf5 20. Qf3 Bh6 21.
Rfe1 Kf8 22. Na4 Qh4 23. Nc5 Rxc5 24. bxc5 Rg8 25. g3 Qh3 26. Bxf6 Bg7 27. Bg4 Qxg4 28. Qxg4 Bxf6 29. Qf4 Bxa1 30. Rxa1 Bc6 31. Re1 Kf7 32. Qc7+ Ne7 33. f4 Re8 34. Qe5 Nf5 35. g4 Ng7 36. f5 exf5 37. Qc7+ Kf6 38. Rxe8 Nxe8 39. Qf4 Ng7 40. g5+ Kg6 41. h4 Kh5 42. Qd6 Kxh4 43. Qh6+ Nh5 44. Kf2 d4 45. g6 hxg6 46. Qxg6 d3 47.
Qd6 Be4 48. Qd8+ Kg4 49. Qg8+ Kf4 50. Qd8 Kg4 51. Qd6 Nf4 52. Qd7 Nd5 53. Qg7+ Kf4 54. Qg3# 1-0

[Event "*** Titled Tuesday Blitz"]
[Site "Chess.com"]
[Date "2020.05.19"]
[Round "8"]
[White "alertakobra"]
[Black "MomchilPetkov"]
[Result "0-1"]
[WhiteElo "2292"]
[BlackElo "2543"]
[TimeControl "180+1"]
[EndTime "13:36:57 PDT"]
[Termination "MomchilPetkov won on time"]

1. d4 Nf6 2. c4 e6 3. Nc3 Bb4 4. Qc2 Nc6 5. Nf3 d6 6. e4 Bxc3+ 7. bxc3 e5 8. Bd3 O-O 9. h3 h6 10. Be3 Re8 11. O-O b6 12. c5 bxc5 13. dxc5 d5 14. Rad1 Be6 15. exd5 Nxd5 16. Be4 Nce7 17. Bxd5 Nxd5 18.
Bxh6 gxh6 19. c4 c6 20. Nxe5 Nb4 21. Qc3 Qf6 22. f4 a5 23. f5 Bxc4 24. Qg3+ Qg5 25. Qxg5+ hxg5 26. Nxc4 Re2 27. a3 Nd5 28. Rf2 Re4 29. Nb6 Rd8 30. Nxd5 cxd5 31. Rc2 d4 32.
Rd3 Kg7 33. c6 Kf6 34. g4 Ke5 35. Kg2 Re1 36. c7 Rc8 37. Rc5+ Ke4 38. Rf3 Re2+ 39. Rf2 Kd3 40. Rxe2 Kxe2 41. Rc2+ Ke3 42. Rc6 d3 43. Rc5 d2 44. Rd5 Rxc7 45. Re5+ Kd3 46. Rd5+ Ke3 47. Re5+ Kd4 48. Re8 Rc1 49. Rd8+ Kc3 0-1

[Event "*** Titled Tuesday Blitz"]
[Site "Chess.com"]
[Date "2020.05.19"]
[Round "8"]
[White "GoValya"]
[Black "ZarinaShafigullina"]
[Result "0-1"]
[WhiteElo "2194"]
[BlackElo "2342"]
[TimeControl "180+1"]
[EndTime "13:36:57 PDT"]
[Termination "ZarinaShafigullina won by checkmate"]

1. d4 Nf6 2. c4 e6 3. g3 c6 4. Bg2 d5 5. Nf3 Be7 6. O-O O-O 7. Nc3 Nbd7 8. Nd2 Re8 9. e4 dxe4 10. Ndxe4 Nxe4 11. Nxe4 Nf6 12. Nc3 Qb6 13. b3 Rd8 14.
Be3 Qc7 15. Qc2 e5 16. d5 cxd5 17. cxd5 Nxd5 18. Bxd5 Rxd5 19. Nxd5 Qxc2 20. Nxe7+ Kf8 21. Rac1 Qe4 22. Rxc8+ Rxc8 23. Nxc8 a6 24. Nd6 Qd5 25. Nc4 b5 26. Nb6 Qe4 27. Rc1 f6 28. Nd7+ Kf7 29.
Nc5 Qa8 30. Rd1 Qc6 31. Rd7+ Kg6 32. Ra7 Qd5 33. Rd7 Qc6 34. h4 h5 35. b4 Qc8 36.
Kh2 Qg8 37. a3 Qa2 38. Ra7 Qxa3 39. Ne6 Kf5 40. Nxg7+ Ke4 41. Nxh5 Qxb4 42. Nxf6+ Kf3 43. Nd5 Qc4 44. Nf6 Qf1 45. g4 Qg2# 0-1

[Event "*** Titled Tuesday Blitz"]
[Site "Chess.com"]
[Date "2020.05.19"]
[Round "8"]
[White "DraG0s3L"]
[Black "nitpicker"]
[Result "0-1"]
[WhiteElo "2491"]
[BlackElo "2335"]
[TimeControl "180+1"]
[EndTime "13:36:58 PDT"]
[Termination "nitpicker won by checkmate"]

1. d4 Nf6 2. c4 e6 3. Nc3 Bb4 4.
Qc2 c5 5. dxc5 Bxc5 6. Nf3 Qb6 7. e3 Qc7 8. Be2 a6 9. O-O Be7 10. a3 d6 11. b4 b6 12. Bb2 Bb7 13. Qb3 O-O 14.
Rfd1 Nbd7 15. Rac1 Rac8 16. Nd4 Ne5 17. Na4 Ba8 18.
h3 Qb8 19. Qa2 Rfd8 20. Nb3 Nxc4 21. Bxc4 b5 22. Bxe6 fxe6 23. Nd4 Bd5 24. Qb1 Rxc1 25. Rxc1 bxa4 26. Qc2 Qb7 27. f3 Nd7 28. Qxa4 e5 29. Nf5 Bf8 30. Qa5 Nb6 31. e4 Be6 32. Ne3 Rd7 33. Kh2 g6 34. Rd1 Bh6 35. Bc1 Bxe3 36. Bxe3 Nc4 37. Qa4 Nxe3 38. Rc1 Nc4 39. Rd1 Qb5 40. Qc2 Ne3 41. Qc8+ Kf7 42. Rd2 Nf1+ 43. Kg1 Nxd2 44. Qh8 Qf1+ 45. Kh2 Qf2 46. Qxh7+ Kf6 47. Qh8+ Ke7 48. Qg7+ Bf7 49. Kh1 Rc7 50. Qh6 Rc1+ 51. Kh2 Nxf3# 0-1

[Event "*** Titled Tuesday Blitz"]
[Site "Chess.com"]
[Date "2020.05.19"]
[Round "8"]
[White "Mitronych"]
[Black "KuzubovYuriy"]
[Result "0-1"]
[WhiteElo "2479"]
[BlackElo "2711"]
[TimeControl "180+1"]
[EndTime "13:36:59 PDT"]
[Termination "KuzubovYuriy won by resignation"]

1. e4 c6 2. d4 d5 3. Nc3 dxe4 4.
Bc4 Nf6 5. f3 Bf5 6. g4 Bg6 7. g5 Nd5 8. Nxe4 Nd7 9. Ne2 e5 10. h4 Be7 11. c3 O-O 12. Kf2 Kh8 13. N2g3 exd4 14. cxd4 f5 15. Nc3 f4 16. Nge4 N7b6 17. Bb3 Bh5 18. Qd3 Ne3 19. Bd2 c5 20. Be6 c4 21. Qe2 Qxd4 22. Rac1 Rad8 23. Kg1 Qe5 24. Bh3 Nbd5 25. Nxd5 Qxd5 26. Rh2 Bg6 27. Rf2 Bxe4 28. fxe4 Qxe4 29. Bc3 Bc5 30. Qf3 Qxf3 31. Rxf3 Nd5+ 32. Kh2 Rde8 33. Bf1 Nxc3 34. Rcxc3 b5 35. b3 Bd4 36. bxc4 Bxc3 37. Rxc3 bxc4 38. Rxc4 Rc8 39. Ra4 Rc7 40. h5 Rc5 41. Rxa7 Rxg5 42. a4 Rxh5+ 43.
Kg2 f3+ 44. Kf2 Rh2+ 45. Kg3 Rh1 46. Kf2 Rh2+ 47. Kg3 Ra2 48. Ra8 Rxa8 0-1

[Event "*** Titled Tuesday Blitz"]
[Site "Chess.com"]
[Date "2020.05.19"]
[Round "8"]
[White "Marty435"]
[Black "Jenia84"]
[Result "1-0"]
[WhiteElo "2414"]
[BlackElo "2237"]
[TimeControl "180+1"]
[EndTime "13:37:00 PDT"]
[Termination "Marty435 won on time"]

1. e4 e5 2. Nf3 Nc6 3. Bb5 Nf6 4. d3 Bc5 5. c3 d6 6. O-O O-O 7. Nbd2 Ne7 8. Re1 Ng6 9. Nf1 Ng4 10.
d4 exd4 11. cxd4 Bb4 12. Bd2 Bxd2 13. Qxd2 Bd7 14. Bd3 Re8 15. Ng3 Qf6 16. Nh5 Qe7 17. h3 Nf6 18. Ng3 Bc6 19. Rac1 Rad8 20. d5 Bd7 21. Rxc7 Ne5 22. Nxe5 Qxe5 23. Rec1 h5 24. Rxb7 h4 25. Nf5 Bxf5 26. exf5 Qxd5 27. Rcc7 Ne4 28.
Qc2 Nc5 29. Rxa7 Nxd3 30. Rxf7 Re1+ 31. Kh2 Qe5+ 32. g3 hxg3+ 33. Kg2 Nf4+ 34. Kf3 g2 35.
Rxg7+ Qxg7 36. Rxg7+ Kxg7 37. Qc3+ Re5 38. Qc7+ Kh6 39.
Qxd8 g1=Q 40. Qh8+ Kg5 41. Qg7+ Kxf5 42. Qxg1 Ne6 43. Qg4+ Kf6 44. a4 Ng5+ 45. Kg2 Ne4 46. a5 Rg5 47. a6 Rxg4+ 48. hxg4 1-0

[Event "*** Titled Tuesday Blitz"]
[Site "Chess.com"]
[Date "2020.05.19"]
[Round "8"]
[White "Zq1"]
[Black "esskeettit"]
[Result "0-1"]
[WhiteElo "2493"]
[BlackElo "2330"]
[TimeControl "180+1"]
[EndTime "13:37:02 PDT"]
[Termination "esskeettit won on time"]

1. d4 Nf6 2. c4 e6 3. Nc3 Bb4 4. e3 O-O 5. Bd3 d5 6. cxd5 exd5 7. Ne2 c6 8. O-O Bd6 9. a3 Bg4 10. f3 Bh5 11. b4 a5 12. Rb1 axb4 13. axb4 Qc7 14.
h3 Nbd7 15. e4 dxe4 16. fxe4 Be7 17. e5 Nd5 18. Nxd5 cxd5 19. Be3 Nb6 20. Rc1 Qd7 21. Qd2 Ra4 22. Nf4 Bg6 23. Nxg6 hxg6 24. b5 Rfa8 25. Qf2 Ba3 26. Rc2 Bf8 27. Be2 Ra3 28. Bg4 Qe8 29.
Rc7 Ra1 30. Bc1 Be7 31. Rxb7 Nc4 32. Bd7 Qf8 33. Bc6 R8a2 34. Qf3 Rc2 35. Bxd5 Rcxc1 36. Bxf7+ Kh7 37. Rxc1 Rxc1+ 38. Kh2 Nd2 39. Qd3 Nf1+ 40. Kg1 Ng3+ 41. Kh2 Nf1+ 42. Kg1 Qxf7 43. e6 Qf6 44. d5 Ng3+ 45. Kh2 Bd6 0-1

[Event "*** Titled Tuesday Blitz"]
[Site "Chess.com"]
[Date "2020.05.19"]
[Round "8"]
[White "TudorAnton"]
[Black "ErikBlomqvist"]
[Result "1/2-1/2"]
[WhiteElo "2465"]
[BlackElo "2303"]
[TimeControl "180+1"]
[EndTime "13:37:02 PDT"]
[Termination "Game drawn - insufficient material"]

1. d4 Nf6 2. Nc3 d5 3. Bg5 c5 4.
e3 Nc6 5. Bb5 e6 6. Nf3 Bd7 7. O-O Be7 8. dxc5 Bxc5 9. e4 d4 10.
Ne2 h6 11. Bh4 g5 12. Bg3 Nxe4 13. Nexd4 Nxd4 14. Nxd4 Nxg3 15. hxg3 Bxb5 16. Nxb5 Qxd1 17. Rfxd1 Ke7 18. c3 Rhd8 19. Kf1 a6 20. Nd4 Bxd4 21. cxd4 Rd5 22. Rac1 Rad8 23. Rc7+ R8d7 24. Rxd7+ Kxd7 25. Ke2 Kd6 26. Ke3 g4 27. Rh1 h5 28. f4 a5 29. a4 b5 30. b3 bxa4 31. bxa4 Rf5 32.
Ke4 Rd5 33. Rb1 Kc6 34. Rb8 f5+ 35. Kd3 Rd7 36. Rb5 Rd5 37. Rb8 Rd7 38. Kc4 Rc7 39.
Rb5 Kd6+ 40. Kd3 Rc1 41. Ke3 Rg1 42. Kf2 Ra1 43. Rxa5 Ra2+ 44. Kg1 Kc6 45. Re5 Kd6 46.
a5 Ra4 47. d5 Rxa5 48. Rxe6+ Kd7 49. Re5 Kd6 50. Rxf5 Rxd5 51. Rxd5+ Kxd5 52. Kf2 Ke4 53. Ke2 Kd4 54. Kd2 Ke4 55. Kc3 h4 56. gxh4 Kxf4 57. g3+ Kxg3 58. h5 Kf2 59. h6 g3 60. h7 g2 61. h8=Q g1=Q 62. Qd4+ Kg2 63. Qxg1+ Kxg1 1/2-1/2

[Event "*** Titled Tuesday Blitz"]
[Site "Chess.com"]
[Date "2020.05.19"]
[Round "8"]
[White "top_bu_tz"]
[Black "Filip_Covic"]
[Result "0-1"]
[WhiteElo "2218"]
[BlackElo "2391"]
[TimeControl "180+1"]
[EndTime "13:37:02 PDT"]
[Termination "Filip_Covic won on time"]

1. e4 c5 2. Nf3 Nc6 3. Bb5 g6 4. O-O Bg7 5. Bxc6 dxc6 6. Re1 Bg4 7. d3 Nf6 8. h3 Bxf3 9. Qxf3 Nd7 10. Qe2 e5 11.
Nd2 O-O 12. a4 a5 13. b3 Re8 14. Bb2 Nf8 15. Nc4 Qc7 16. Qe3 Ne6 17. g3 Nd4 18. Bxd4 cxd4 19. Qd2 Bf8 20. Qe2 b5 21.
Nb2 Bb4 22. Rf1 Bc3 23. Ra2 Qd7 24. Kg2 f5 25. Nd1 Bb4 26. f3 Bd6 27. Nf2 f4 28.
Ng4 Rf8 29. Qe1 h5 30. Nh2 Bb4 31. Qd1 fxg3 32. Kxg3 Qe7 33. Kf2 Qh4+ 34. Kg2 Rf4 35. Qe2 Qg5+ 36. Kh1 Kh7 37. Rg1 Qf6 38. Qg2 Rg8 39. Nf1 Rxf3 40. Nh2 Rf2 41. Qg3 g5 42. h4 g4 43. Raa1 Qf4 44. Raf1 Qxg3 45. Rxg3 Rxf1+ 46. Nxf1 Rf8 47. Kg2 Be1 0-1

[Event "*** Titled Tuesday Blitz"]
[Site "Chess.com"]
[Date "2020.05.19"]
[Round "8"]
[White "AminMolaei"]
[Black "Vaathi_Coming"]
[Result "0-1"]
[WhiteElo "2648"]
[BlackElo "2888"]
[TimeControl "180+1"]
[EndTime "13:37:03 PDT"]
[Termination "Vaathi_Coming won by checkmate"]

1. d4 d5 2. c4 c6 3. cxd5 cxd5 4.
Bf4 Nf6 5. e3 Nc6 6. Nc3 Bf5 7. Qb3 Na5 8. Qa4+ Bd7 9. Bb5 Nc6 10.
Qd1 e6 11. Bd3 Be7 12. Nf3 Nh5 13. Be5 f6 14. Bg3 f5 15. Be5 O-O 16. O-O Nf6 17.
Rc1 Ne4 18. h3 Be8 19. Bh2 Bh5 20. Be2 Bxf3 21. Bxf3 Bd6 22. Bxd6 Qxd6 23. a3 Rf6 24. Ne2 Kh8 25. Nf4 g5 26. Nd3 Rg8 27. b4 a6 28.
Nc5 Nd8 29. Bxe4 fxe4 30. Qh5 g4 31. hxg4 Nf7 32. Nxb7 Qb8 33. Nc5 Rh6 34. Nd7 Qe8 35. Nf6 Rxf6 36. Rc7 Ng5 37. Qxe8 Rxe8 38. Ra7 Rg8 39.
Rxa6 Nf3+ 40. gxf3 exf3 41. Rc1 Rh6 42. g5 Rxg5+ 43.
Kf1 Rh1# 0-1

[Event "*** Titled Tuesday Blitz"]
[Site "Chess.com"]
[Date "2020.05.19"]
[Round "8"]
[White "Roman_Ovetchkin"]
[Black "spectralsoul"]
[Result "0-1"]
[WhiteElo "2632"]
[BlackElo "2853"]
[TimeControl "180+1"]
[EndTime "13:37:03 PDT"]
[Termination "spectralsoul won by resignation"]

1. d4 g6 2. e4 Bg7 3. Nc3 d6 4. Be3 c6 5. Be2 Qb6 6. a3 Nf6 7. h3 O-O 8. Nf3 Qc7 9. O-O Nbd7 10. Qd2 b5 11. Rad1 Bb7 12. Bh6 a6 13. Bxg7 Kxg7 14.
Qf4 e5 15. dxe5 dxe5 16. Qe3 Rfe8 17. Rd2 c5 18. Rfd1 Rad8 19. a4 b4 20. Nd5 Nxd5 21.
exd5 e4 22. Nh2 f5 23. d6 Qc6 24. g4 Kh8 25. Rd5 Qc8 26. gxf5 Bxd5 27. Rxd5 gxf5 28. Rxf5 Ne5 29. Bg4 Nxg4 30. hxg4 Rxd6 31. Rxc5 Qe6 32. Kg2 Rd5 33. Rc7 Rd7 34. Rc5 Rf8 35. Rg5 Rdf7 36. Qd4+ Qf6 37. Qxf6+ Rxf6 38. Kg3 Rxf2 39. Re5 Rxc2 40.
Rxe4 Rxb2 41. g5 a5 42. Ng4 Rb3+ 43. Kh4 Rbf3 44. Re7 R8f4 45. Rb7 b3 46. Rb5 Rb4 0-1

[Event "*** Titled Tuesday Blitz"]
[Site "Chess.com"]
[Date "2020.05.19"]
[Round "8"]
[White "Novoselski"]
[Black "vinniethepooh"]
[Result "0-1"]
[WhiteElo "2320"]
[BlackElo "2525"]
[TimeControl "180+1"]
[EndTime "13:37:03 PDT"]
[Termination "vinniethepooh won by resignation"]

1. e4 c5 2. Nf3 d6 3. Bb5+ Nd7 4. d4 cxd4 5. Qxd4 a6 6. Bxd7+ Bxd7 7. Bg5 h6 8. Bh4 Rc8 9. Nc3 e5 10. Qe3 g5 11. Bg3 Nf6 12. h4 g4 13. Nd2 b5 14. a3 Qc7 15. h5 Be7 16. Bh4 Be6 17. Nf1 Qa5 18. O-O-O b4 19. axb4 Qa1+ 20. Nb1 Rc6 21.
Bxf6 Bxf6 22. Qa3 Bg5+ 23. Ne3 Qxa3 24. Nxa3 g3 25. Kd2 gxf2 26. Ke2 Rg8 27. Kxf2 Bxe3+ 28. Kxe3 Rxg2 29. Rdg1 Rxg1 30. Rxg1 d5 31. exd5 Bxd5 32. Rg8+ Ke7 33. Ra8 f5 34. Ra7+ Kf6 35. b3 f4+ 36.
Ke2 e4 37. c4 Be6 38. b5 Bg4+ 39. Ke1 axb5 40. Nxb5 e3 41. Nc3 Re6 42. Ra8 f3 43. Rf8+ Kg7 44. Rf4 Bxh5 45. c5 f2+ 46. Kf1 Rg6 47. Ne2 Bxe2+ 48. Kxe2 Rf6 49. Rxf6 Kxf6 50. c6 Ke6 51. b4 Kd6 52. b5 Kc7 53. Kf1 h5 54.
Kg2 h4 55. Kf1 h3 0-1

[Event "*** Titled Tuesday Blitz"]
[Site "Chess.com"]
[Date "2020.05.19"]
[Round "8"]
[White "Andro2"]
[Black "DDTerziev04"]
[Result "1-0"]
[WhiteElo "2421"]
[BlackElo "2260"]
[TimeControl "180+1"]
[EndTime "13:37:03 PDT"]
[Termination "Andro2 won by resignation"]

1. e4 e6 2. d3 d5 3. Nd2 Nf6 4. Ngf3 b6 5. g3 dxe4 6. dxe4 e5 7. Bg2 Ba6 8. Nxe5 Bc5 9. Nd3 Bxd3 10. cxd3 Qxd3 11. e5 Nd5 12. Qb3 Qxb3 13. Nxb3 c6 14.
Nxc5 bxc5 15. Bd2 Nd7 16. f4 Rb8 17. b3 Ke7 18. Rc1 Rhd8 19. Ke2 f6 20. exf6+ Kxf6 21. Rhd1 Re8+ 22. Kf2 Re7 23. Bc3+ Nxc3 24. Rxc3 Rbe8 25. Rd2 Rc8 26. Rcd3 Rc7 27. Rd6+ Kf7 28. Bxc6 Nb6 29. a4 c4 30. bxc4 Nxc4 31. Bd5+ Kf8 32. Rd8+ Re8 33. Bxc4 Rxc4 34. Rxe8+ Kxe8 35. Ra2 Kd7 36. Kf3 Kc6 37. Kg4 Kc5 38. Kf5 a5 39. Ke6 Kb4 40. Kf7 Rc7+ 41. Kg8 g6 42. g4 Kb3 43. Ra1 h6 44. f5 gxf5 45. gxf5 Rc5 46. Rf1 Kxa4 47. f6 Rg5+ 48. Kh7 Rc5 49. f7 Rc7 50. Kxh6 Rxf7 1-0

[Event "*** Titled Tuesday Blitz"]
[Site "Chess.com"]
[Date "2020.05.19"]
[Round "8"]
[White "baby_leo"]
[Black "Chuchofrio1"]
[Result "1-0"]
[WhiteElo "2034"]
[BlackElo "2226"]
[TimeControl "180+1"]
[EndTime "13:37:03 PDT"]
[Termination "baby_leo won by resignation"]

1. Nf3 d5 2. c4 d4 3. b3 Nc6 4. e3 e5 5. exd4 exd4 6. Bb2 Nf6 7. d3 Bb4+ 8. Nbd2 O-O 9. Be2 Re8 10. O-O a5 11.
Rc1 b6 12. a3 Bd6 13. h3 Bf4 14. Rc2 Bb7 15. Re1 Qd6 16. Qa1 Rad8 17. Bf1 Rxe1 18.
Qxe1 Nd7 19. Ne4 Qe7 20. Re2 Nde5 21. Nxe5 Bxe5 22. g3 Qf8 23. Bg2 h6 24. f4 Bd6 25.
Nxd6 Qxd6 26. Re8+ Kh7 27. Qe4+ g6 28. Rxd8 Nxd8 29.
Qxd4 Qxd4+ 30. Bxd4 Bc8 31. Be5 Ne6 32. Bd5 Nc5 33.
Bxc7 Nxb3 34. Bxb6 Bxh3 35. Bxf7 Bf5 36. c5 Bxd3 37.
Bxb3 Bb5 38. Bd5 Bd7 39. c6 Bc8 40. c7 Kg7 41. Bc5 Kf6 42. Bd6 h5 43. Kf2 Kf5 44.
Ke3 Kg4 45. Kd4 Kxg3 46. f5+ Kg4 47. fxg6 h4 48. g7 h3 49. g8=Q+ Kh5 50. Qh8+ Kg6 1-0

[Event "*** Titled Tuesday Blitz"]
[Site "Chess.com"]
[Date "2020.05.19"]
[Round "8"]
[White "Arathorn2"]
[Black "DvaHrasta"]
[Result "0-1"]
[WhiteElo "2240"]
[BlackElo "2431"]
[TimeControl "180+1"]
[EndTime "13:37:03 PDT"]
[Termination "DvaHrasta won on time"]

1. d4 Nf6 2. c4 e6 3. Nf3 b6 4. a3 Bb7 5. Nc3 d5 6. cxd5 exd5 7.
Qc2 Bd6 8. Bg5 h6 9. Bxf6 Qxf6 10. Nb5 O-O 11. e3 Nd7 12. Bd3 Rfc8 13. Nxd6 cxd6 14. Qa4 Qe6 15. O-O Nf6 16. Rac1 a6 17. Nd2 Ne4 18. Nxe4 dxe4 19. Bc4 d5 20. Ba2 g5 21.
Qb4 a5 22. Qd2 Ba6 23. Rxc8+ Rxc8 24. Rc1 Rxc1+ 25. Qxc1 Bc4 26. b3 Bd3 27. Qc7 Kg7 28. h3 b5 29. b4 axb4 30. axb4 Bc4 31. Bxc4 dxc4 32. Qc5 f6 33. Qxb5 Qc8 34. Qa4 c3 35.
Qc2 Qc4 36. b5 Qd3 37. Qa4 c2 38. Qa7+ Kg6 39. Qd7 c1=Q+ 40. Kh2 Qca3 41. g4 Qf8 42. Qf5+ Kg7 43. b6 Qf7 0-1

[Event "*** Titled Tuesday Blitz"]
[Site "Chess.com"]
[Date "2020.05.19"]
[Round "8"]
[White "valeriocarnicelli"]
[Black "maciek_92"]
[Result "0-1"]
[WhiteElo "2559"]
[BlackElo "2737"]
[TimeControl "180+1"]
[EndTime "13:37:04 PDT"]
[Termination "maciek_92 won by resignation"]

1. e4 c5 2. Nf3 Nc6 3. d4 cxd4 4. Nxd4 g6 5. Nc3 Bg7 6. Be3 Nf6 7. Nxc6 bxc6 8. e5 Ng8 9. f4 f6 10. Bd4 fxe5 11. fxe5 Qc7 12. Bc4 Bxe5 13. O-O Nf6 14. Re1 Bxd4+ 15. Qxd4 Qb6 16. Rad1 d5 17. Bb3 Kf7 18. Na4 Qxd4+ 19. Rxd4 Re8 20. Nc5 e5 21. Rd2 Bf5 22. Rf2 Rad8 23. h3 h5 24. Ref1 Re7 25.
Nd3 Kg7 26. Nb4 Rd6 27. Na6 Ne4 28. Re2 Ng3 29. Rfe1 Nxe2+ 30. Rxe2 e4 31. Nc5 d4 32. g4 hxg4 33. hxg4 Bxg4 34. Rxe4 Rxe4 35. Nxe4 Rd8 36. Kf2 Re8 37. Nc5 Re3 38. a4 Kf6 39. a5 g5 40.
Ba4 Re5 41. b4 Re2+ 42. Kg3 Bf5 43. Bxc6 Rxc2 44. Bb5 d3 45. Kf3 d2 46. Be2 Rc3+ 47.
Kf2 Bc2 48. Nd7+ Kf5 49. b5 d1=Q 50. Bxd1 Bxd1 51. b6 axb6 52. axb6 Bf3 0-1

[Event "*** Titled Tuesday Blitz"]
[Site "Chess.com"]
[Date "2020.05.19"]
[Round "8"]
[White "AleksanderHnydiuk"]
[Black "djano"]
[Result "1/2-1/2"]
[WhiteElo "2573"]
[BlackElo "2459"]
[TimeControl "180+1"]
[EndTime "13:37:04 PDT"]
[Termination "Game drawn - insufficient material"]

1. Nf3 Nf6 2. c4 g6 3. g3 Bg7 4. Bg2 O-O 5. d4 d6 6. Nc3 Nc6 7. O-O Rb8 8. Bf4 a6 9. Rc1 Bd7 10. Qd2 b5 11. Nd5 bxc4 12. Nxf6+ Bxf6 13. Rxc4 Na7 14.
Rfc1 c6 15. Bg5 Bg7 16. b3 Re8 17. Ra4 Qb6 18. Qa5 Nb5 19. Qxa6 Qxa6 20. Rxa6 Nxd4 21. Nxd4 Bxd4 22. Bxc6 Bxc6 23. Raxc6 Ra8 24. R1c2 Bc5 25. Rc7 f6 26. Bd2 Kf7 27. a4 Reb8 28. Rc3 Bb4 29.
Rd3 Bxd2 30. Rxd2 Rxb3 31. Rxd6 Rxa4 32. Rdd7 Re4 33. e3 g5 34. Kg2 g4 35. h3 h5 36.
Rc8 Rb2 37. Rh8 Rxe3 38. Rh7+ Kg6 39. Rdxe7 gxh3+ 40. Kxh3 Rxe7 41. Rxe7 Rxf2 42. Re8 Ra2 43.
Rg8+ Kf5 44. Rh8 Kg6 45. Rg8+ Kh7 46. Rf8 Kg7 47. Rc8 Ra4 48. Rc5 Kg6 49. Rb5 f5 50. Rb6+ Kg5 51. Rb8 Ra3 52. Rg8+ Kf6 53. Rf8+ Ke5 54.
Re8+ Kf6 55. Rf8+ Kg6 56. Rg8+ Kf7 57. Rg5 Kf6 58. Rxh5 f4 59. Kg4 fxg3 60. Kh3 Kg6 61. Rb5 Kf6 62. Kg2 Ke6 63. Rh5 Kf6 64. Rh3 Kg5 65.
Rxg3+ Rxg3+ 66. Kxg3 1/2-1/2

[Event "*** Titled Tuesday Blitz"]
[Site "Chess.com"]
[Date "2020.05.19"]
[Round "8"]
[White "GHANDEEVAM2003"]
[Black "bakki78"]
[Result "1-0"]
[WhiteElo "2912"]
[BlackElo "2756"]
[TimeControl "180+1"]
[EndTime "13:37:05 PDT"]
[Termination "GHANDEEVAM2003 won by resignation"]

1. e4 c5 2. Nf3 Nc6 3. d4 cxd4 4. Nxd4 Nf6 5. Nc3 d6 6. Bc4 Bd7 7. O-O e6 8. f4 Be7 9. Be3 O-O 10. Qf3 Rc8 11. Bb3 Na5 12. e5 Ne8 13. Rad1 a6 14.
Qg3 g6 15. f5 Nxb3 16. cxb3 exf5 17. Nxf5 Bxf5 18. Rxf5 Bh4 19. Qg4 Qd7 20. Rf4 Qxg4 21.
Rxg4 Be7 22. Nd5 Bd8 23. Bh6 dxe5 24. Bxf8 Kxf8 25. Rc4 Rb8 26. Re4 f6 27. Rf1 Kg7 28. g4 h6 29. h4 Nd6 30. Re2 Rc8 31. Kg2 Rc5 32. Rd1 Nf7 33. Nc3 Rc7 34. Red2 Rc8 35. Rd7 b5 36. Rb7 b4 37. Ne4 Rc2+ 38. Kf3 Rc7 39.
Rxc7 Bxc7 40. Rd7 Bb8 41. Nc5 f5 42. gxf5 gxf5 43. Nxa6 Bd6 44. Nc7 e4+ 45. Ke2 Kg6 46. Ne8 Bf8 47. h5+ Kxh5 48. Rxf7 1-0

[Event "*** Titled Tuesday Blitz"]
[Site "Chess.com"]
[Date "2020.05.19"]
[Round "8"]
[White "hellokostya"]
[Black "Chessialist"]
[Result "0-1"]
[WhiteElo "2410"]
[BlackElo "2562"]
[TimeControl "180+1"]
[EndTime "13:37:05 PDT"]
[Termination "Chessialist won by resignation"]

1. d4 Nf6 2. c4 e6 3. Nf3 d5 4. Nc3 Be7 5. Bf4 c6 6. e3 Nbd7 7. h3 O-O 8. Bd3 dxc4 9. Bxc4 b5 10.
Bd3 a6 11. O-O c5 12. Qe2 Bb7 13. Bg3 Qb6 14. Rad1 Rac8 15. Bb1 Rfd8 16. a3 cxd4 17. Nxd4 Nc5 18. f3 Nd5 19. Be1 Nxc3 20. Bxc3 Na4 21. Bb4 Bf6 22. Kh1 g6 23. Qf2 Bg7 24. Ba2 Bd5 25. Bxd5 Rxd5 26. b3 Nc5 27. Rc1 Rcd8 28. Bxc5 Rxc5 29. b4 Rxc1 30. Rxc1 Bxd4 31. exd4 Rxd4 32.
Qb2 Qd6 33. Qc3 e5 34. Re1 Kg7 35. Rc1 h5 36. Re1 h4 37. Rc1 Rd3 38. Qe1 g5 39. Qe4 Rd1+ 40. Rxd1 Qxd1+ 41. Kh2 Qd4 42. Qb7 Qf4+ 43.
Kh1 Qc1+ 44. Kh2 Qxa3 45. Qe4 Qc3 46. Qf5 Qe3 47. Qd7 Qf4+ 48. Kh1 Qxb4 49. Qf5 Qf4 50.
Qc8 b4 51. Qxa6 b3 52. Qb7 Qc1+ 53. Kh2 b2 54. Qb8 b1=Q 55. Qxe5+ Kh7 0-1

[Event "*** Titled Tuesday Blitz"]
[Site "Chess.com"]
[Date "2020.05.19"]
[Round "8"]
[White "Borsuk_Konstantin"]
[Black "Sam_ChessMood"]
[Result "0-1"]
[WhiteElo "2636"]
[BlackElo "2872"]
[TimeControl "180+1"]
[EndTime "13:37:06 PDT"]
[Termination "Sam_ChessMood won on time"]

1. d4 Nf6 2. c4 e6 3. Nc3 Bb4 4. Qc2 O-O 5. a3 Bxc3+ 6. Qxc3 d5 7. Bg5 h6 8. Bxf6 Qxf6 9. cxd5 exd5 10. e3 c6 11. Nf3 Bg4 12. Ne5 Be6 13. Be2 Nd7 14. Nxd7 Bxd7 15. O-O Qd6 16. g3 a5 17. b4 b5 18.
bxa5 Rfb8 19. Rfb1 Kf8 20. Qb4 Ke7 21. Kg2 Ra7 22. a4 Qxb4 23. Rxb4 Rxa5 24. Rab1 Kd6 25. axb5 cxb5 26. Bd3 Rb6 27. h4 Kc7 28. Rc1+ Rc6 29. Rcb1 Rc4 30. Bxc4 dxc4 31. e4 Kd6 32. Kf3 Ra3+ 33.
Kf4 Rd3 34. d5 Kc5 35. g4 c3 36. R4b3 c2 37. Rc1 Rxb3 38. Rxc2+ Kd6 39. g5 hxg5+ 40. hxg5 Rb4 41. f3 Rc4 42. Ra2 Ra4 43. Rb2 b4 44.
Rd2 b3 45. Rb2 Rb4 46. Ke3 Bb5 47. f4 Kc5 0-1

[Event "*** Titled Tuesday Blitz"]
[Site "Chess.com"]
[Date "2020.05.19"]
[Round "8"]
[White "MathiasWomacka"]
[Black "Sergey85Rodchenkov"]
[Result "0-1"]
[WhiteElo "2372"]
[BlackElo "2514"]
[TimeControl "180+1"]
[EndTime "13:37:06 PDT"]
[Termination "Sergey85Rodchenkov won on time"]

1. e4 c5 2. Nf3 d6 3. d4 cxd4 4. Nxd4 Nf6 5. Nc3 a6 6. Be2 e5 7.
Nb3 Be7 8. O-O Be6 9. f4 Qc7 10. Kh1 Nbd7 11. g4 h6 12. g5 hxg5 13. fxg5 Ng8 14.
Bg4 O-O-O 15. Nd5 Bxd5 16. Qxd5 f6 17. g6 Kb8 18. Be3 f5 19. Bxf5 Ngf6 20. Qd3 Nb6 21.
c4 Qxc4 22. Rfd1 Qxd3 23. Rxd3 Nc4 24. Bg1 d5 25. exd5 Nxd5 26. Rad1 Nf4 27. Rxd8+ Rxd8 28. Rxd8+ Bxd8 29. Nc5 Nd6 30. Bc2 Kc7 31. Be3 Bf6 32. b3 a5 33. Kg1 b6 34. Ne4 Nxe4 35. Bxe4 Ne2+ 36. Kf2 Nc3 37. Kf3 Nxa2 38. Kg4 Nc3 39. Kf5 Nxe4 40. Kxe4 b5 41. Kd5 a4 42. bxa4 bxa4 43.
Bc5 Kd7 44. Bf8 Ke8 45. Ba3 Kd7 46. Bf8 Ke8 47. Ba3 Be7 48. Bb2 a3 49. Bxe5 Bf6 50.
Bxf6 gxf6 0-1

[Event "*** Titled Tuesday Blitz"]
[Site "Chess.com"]
[Date "2020.05.19"]
[Round "8"]
[White "Fandorine"]
[Black "MikeKorovin"]
[Result "0-1"]
[WhiteElo "2859"]
[BlackElo "2655"]
[TimeControl "180+1"]
[EndTime "13:37:07 PDT"]
[Termination "MikeKorovin won by resignation"]

1. Nf3 e6 2. g3 Nf6 3. Bg2 Be7 4.
O-O O-O 5. b3 c5 6. c4 d5 7. Bb2 Nc6 8. e3 d4 9. exd4 cxd4 10. Re1 Qb6 11. d3 Bd7 12. Na3 Bb4 13. Re2 Rfe8 14. Nc2 Bc5 15. Rb1 a5 16. Ne5 Nxe5 17.
Rxe5 Bc6 18. Bxc6 bxc6 19. Qf3 Nd7 20. Re2 e5 21. Rbe1 Re7 22. Qg4 Rae8 23. Bc1 Re6 24. Qf3 a4 25. bxa4 Qa6 26. Na1 Qxa4 27. Nb3 Bb4 28. Rf1 h6 29. h4 Qa8 30. h5 e4 31.
Rxe4 Rxe4 32. dxe4 Ne5 33. Qf5 c5 34. Bf4 Nf3+ 35.
Kg2 Rxe4 36. Qd5 Ne1+ 37. Kh2 Qxd5 38. cxd5 c4 39. d6 cxb3 40. d7 Ba5 41. axb3 d3 42.
b4 Bd8 43. Kh3 Rxf4 44. Rxe1 d2 45. Re8+ Kh7 46. gxf4 d1=Q 47. Rxd8 Qf3+ 48. Kh2 Qxf2+ 49. Kh3 Qf3+ 50. Kh2 Qxf4+ 51. Kg2 Qg5+ 52. Kf3 Qxd8 0-1